 Dungeon Crawl Stone Soup version 0.30-a0-576-g89cddaab80 (webtiles) character file.

Game seed: 13897576895224755317

328 cforsyth the Ruffian (level 6, -4/56 HPs)
             Began as a Ghoul Monk on Dec 31, 2022.
             Was a Believer of Okawaru.
             Slain by Prince Ribbit (11 damage)
             ... on level 5 of the Dungeon.
             The game lasted 00:08:04 (3429 turns).

cforsyth the Ruffian (Ghoul Monk)                   Turns: 3429, Time: 00:08:04

Health: -4/56      AC:  8    Str: 17    XL:     6   Next: 50%
Magic:  0/5        EV: 10    Int:  5    God:    Okawaru [**....]
Gold:   218        SH:  0    Dex: 11    Spells: 5/5 levels left

rFire   + . .      SeeInvis .      - Unarmed
rCold   + . .      Faith    .    (no shield)
rNeg    + + +      Spirit   +    s - +0 scale mail
rPois   ∞          Reflect  .    g - +0 helmet
rElec   .          Harm     .    k - +0 cloak
rCorr   .          Rampage  .    (no gloves)
Will    .....                    (no boots) Stlth
                                 j - amulet of guardian spirit
HPRegen 0.00/turn                y - ring of protection from fire
MPRegen 0.09/turn                e - ring of wizardry

@: inhibited regen
A: claws 1, cold resistance 1, negative energy resistance 3, inhibited
regeneration, torment resistance 2, devour on kill
a: Renounce Religion, Heroism


You were on level 5 of the Dungeon.
You worshipped Okawaru.
Okawaru was pleased with you.
You visited 2 branches of the dungeon, and saw 6 of its levels.

You collected 218 gold pieces.

Inventory:

Armour
 a - a +0 robe
 g - a +0 helmet (worn)
 k - a +0 cloak (worn)
 s - a +0 scale mail (worn)
Jewellery
 e - a ring of wizardry (right claw)
 h - a ring of magical power
 j - an amulet of guardian spirit (around neck)
 y - a ring of protection from fire (left claw)
Wands
 x - a wand of flame (15)
Scrolls
 c - a scroll of fog {unknown}
 f - a scroll of magic mapping
 n - a scroll of enchant weapon {unknown}
 o - a scroll of fear
 p - 3 scrolls of vulnerability
 r - a scroll of immolation
 t - a scroll of amnesia {unknown}
 u - 2 scrolls of teleportation
 v - a scroll of blinking
Potions
 b - 4 potions of ambrosia
 d - 3 potions of invisibility
 i - 2 potions of flight
 l - a potion of curing
 m - a potion of cancellation
 q - 2 potions of attraction


   Skills:
 + Level 5.6 Fighting
 + Level 1.9 Armour
 - Level 2.6 Dodging
 - Level 2.1 Stealth
 + Level 5.6 Unarmed Combat


You had 5 spell levels left.
You didn't know any spells.
Your spell library contained the following spells:

 Spells                   Type           Power      Damage    Failure   Level
 Cigotuvi's Dreadful Rot  Necr/Pois/Air  0%         N/A       69%         2
 Ensorcelled Hibernation  Hex/Ice        0%         N/A       69%         2
 Passwall                 Tmut/Erth      0%         N/A       69%         2
 Poisonous Vapours        Pois/Air       0%         N/A       69%         2
 Mephitic Cloud           Conj/Pois/Air  0%         N/A       89%         3
 Swiftness                Air            0%         N/A       89%         3


Dungeon Overview and Level Annotations

Branches:
Dungeon (5/15)             Temple (1/1) D:4

Altars:
Ashenzari
Cheibriados
Dithmenos
Gozag
Hepliaklqana
Kikubaaqudgha
Makhleb
Nemelex Xobeh
Okawaru
Qazlal
Trog
Vehumet
Wu Jian
Xom
Yredelemnul

Shops:
D:5 [

Annotations:
D:5 Prince Ribbit


Innate Abilities, Weirdness & Mutations

You are immune to poison.
You have sharp fingernails.
Your flesh is cold resistant. (rC+)
You are immune to negative energy. (rN+++)
You do not regenerate when monsters are visible.
You are immune to unholy pain and torment.
You thrive by killing the living.


Message History

Prince Ribbit croaks regally.
Prince Ribbit hits you but does no damage.
You don't have enough magic at the moment.
You claw Prince Ribbit!
Prince Ribbit is heavily wounded.
Prince Ribbit barely misses you.
You miss Prince Ribbit.
Prince Ribbit is heavily wounded.
Prince Ribbit misses you.
You claw Prince Ribbit!
Prince Ribbit is heavily wounded.
Prince Ribbit hits you! x2
You miss Prince Ribbit.
Prince Ribbit is heavily wounded.
Prince Ribbit hops awkwardly around.
Prince Ribbit hits you but does no damage.
You closely miss Prince Ribbit.
Prince Ribbit is heavily wounded.
Prince Ribbit hits you but does no damage.
You claw Prince Ribbit!
Prince Ribbit is severely wounded.
Prince Ribbit blinks!
Prince Ribbit lets out a mournful croak.
Prince Ribbit blinks!
You are too injured to fight recklessly!
You feel better.
You miss Prince Ribbit.
Prince Ribbit is severely wounded.
Prince Ribbit closely misses you.
You closely miss Prince Ribbit.
Prince Ribbit is severely wounded.
Prince Ribbit hits you! Prince Ribbit misses you.
You barely miss Prince Ribbit.
Prince Ribbit is severely wounded.
Prince Ribbit hits you!
* * * LOW HITPOINT WARNING * * *
You scratch Prince Ribbit.
Prince Ribbit is severely wounded.
Prince Ribbit hits you!
You die...

#.....###.#
#........>#
#.#.#.###..
############.#.#.#
###
#............#.#.#
#.########.....#.#
#.# #.#####
#.########.#
#....@F..#.#
#..#####.#.# #..#
.#.# #..# .#.#
#..# .#.# #..#
.#.# #... .# ##.#
..


You could see Prince Ribbit.

Vanquished Creatures
  Blork the orc (D:5)
  An orc priest (D:3)
  8 gnolls
  7 adders
  7 orcs
  6 ball pythons
  8 endoplasms
  2 giant cockroaches
  4 goblins
  9 hobgoblins
  4 jackals
  5 quokkas
  7 bats
  4 frilled lizards
  9 kobolds
  5 rats
87 creatures vanquished.

Notes
Turn   | Place    | Note
-------+----------+-------------------------------------------
     0 | D:1      | cforsyth the Ghoul Monk began the quest for the Orb.
     0 | D:1      | Reached XP level 1. HP: 19/19 MP: 0/0
    63 | D:1      | Reached XP level 2. HP: 8/26 MP: 1/1
   278 | D:1      | You fall into a shaft and drop 1 floor!
   628 | D:1      | Reached XP level 3. HP: 33/33 MP: 2/2
   837 | D:2      | Reached XP level 4. HP: 22/41 MP: 3/3
  1055 | D:2      | Found a faded altar of an unknown god.
  1354 | D:2      | Reached XP level 5. HP: 44/47 MP: 4/4
  1689 | D:3      | Reached skill level 5 in Unarmed Combat
  1692 | D:3      | Reached skill level 5 in Fighting
  2088 | D:3      | Reached skill level 1 in Armour
  2476 | D:4      | Found a staircase to the Ecumenical Temple.
  2494 | Temple   | Entered the Ecumenical Temple
  2538 | Temple   | Became a worshipper of Warmaster Okawaru
  2538 | Temple   | Reached * piety under Okawaru
  2538 | Temple   | Reached ** piety under Okawaru
  2553 | D:4      | Reached XP level 6. HP: 56/56 MP: 5/5
  3240 | D:5      | Entered Level 5 of the Dungeon
  3257 | D:5      | Noticed Blork the orc
  3269 | D:5      | Killed Blork the orc
  3400 | D:5      | Found Vouxtyte's Armour Shoppe.
  3407 | D:5      | Noticed Prince Ribbit
  3429 | D:5      | Slain by Prince Ribbit

Illustrated notes

Levels and vault maps discovered:
D:1:      sevenhm_arrival_forest_fort_small_5, layout_rooms, minmay_tetromino_s2
D:2:      layout_loops_cross, shapermc_ecumenical_altar_mp_vishouse
D:3:      layout_basic, minivault_27
D:4:      layout_basic, minmay_temple_entry_wispy, kennysheep_generic_room_11
D:5:      kennysheep_big_flooded_room, layout_loops_ring,
          nicolae_ru_the_path_less_chosen, serial_shops, shop, uniq_grinder,
          uniq_duvessa, uniq_prince_ribbit1, uniq_blork_the_orc
Temple:   sentei_temple_godly_chess

Skill      XL: |  1  2  3  4  5 |
---------------+----------------+-----
Unarmed Combat | 4 5 |  5.6
Fighting       | 4 5 |  5.6
Armour         | 1 |  1.9
Dodging        | |  2.6
Stealth        | |  2.1

Action                   |  1- 3 |  4- 6 || total
-------------------------+-------+-------++-------
Melee: Unarmed           |    92 |   195 ||   287
       Punch             |     2 |     5 ||     7
Invok: Heroism           |       |     1 ||     1
Evoke: Wand              |       |     2 ||     2
  Use: Potion            |     1 |     2 ||     3
       Scroll            |       |    13 ||    13
 Stab: Sleeping          |     2 |     3 ||     5
Armor: Robe              |    23 |     3 ||    26
       Scale mail        |       |    44 ||    44
Dodge: Dodged            |    61 |    79 ||   140

Table legend: (Time is in decaauts)
 A = Elapsed time spent in this place.
 B = Non-inter-level travel time spent in this place.
 C = Inter-level travel time spent in this place.
 D = Time resting spent in this place.
 E = Time spent auto-exploring this place.
 F = Levels seen in this place.
 G = Mean time per level.
                   A        B        C        D        E       F      G
               +--------+--------+--------+--------+--------+-----+--------+
         Total |   3406 |   3316 |     90 |      2 |   2573 |   6 |  567.7 |
       Dungeon |   3357 |   3271 |     86 |      2 |   2573 |   5 |  671.4 |
        Temple |     48 |     44 |      4 |      0 |      0 |   1 |   48.0 |
               +--------+--------+--------+--------+--------+-----+--------+

Top non-repeatable levels by time:
     D:2: 859 daAuts
     D:3: 858 daAuts
     D:4: 775 daAuts
     D:1: 680 daAuts
     D:5: 185 daAuts
  Temple: 48 daAuts
